 Dungeon Sprint DCSS version 0.28.0-53-g5a82cb258f (webtiles) character file.

Game seed: 1401926699747341337

496 Zeld the Destroyer (level 6, -15/45 HPs)
             Began as a Draconian Conjurer on June 13, 2022.
             Was an Initiate of Gozag.
             Shot with an arrow by a centaur warrior (23 damage)
             ... in the Dungeon (Sprint IX: "|||||||||||||||||||||||||||||").
             The game lasted 00:01:26 (1415 turns).

Zeld the Destroyer (Draconian Conjurer)             Turns: 1415, Time: 00:01:27

Health: -15/45     AC:  7    Str: 10    XL:     6   Next: 93%
Magic:  18/18      EV: 12    Int: 20    God:    Gozag
Gold:   342        SH:  0    Dex:  9    Spells: 13/24 levels left

rFire   . . .      SeeInvis .   (no weapon)
rCold   . . .      Faith    .   (no shield)
rNeg    . . .      Spirit   .   (armour unavailable)
rPois   .          Reflect  .   (helmet restricted)
rElec   .          Harm     .   (no cloak)
rCorr   .          Rampage  .   i - +0 pair of gloves
Will    .....      NoTele   +   (no boots)
Stlth   ++........              (no amulet)
HPRegen 0.15/turn               (no ring)
MPRegen 0.16/turn               (no ring)

@: gold aura
A: AC +6, unfitting armour, cold-blooded
a: Renounce Religion, Potion Petition, Call Merchant, Bribe Branch


You were in the Dungeon.
You worshipped Gozag.
Gozag was aware of your devotion.
You visited 1 branch You collected 342 gold pieces.

Inventory:

Armour
 i - a +0 pair of gloves (worn)
Jewellery
 j - a +2 ring of protection
 k - a +3 ring of intelligence
Wands
 h - a wand of acid (4)
Scrolls
 f - 2 scrolls of amnesia
Potions
 a - 5 potions of curing
 b - 2 potions of magic
 c - a potion of haste
 d - a potion of invisibility
 e - 2 potions of heal wounds


   Skills:
 - Level 1.7 Dodging
 - Level 1.7 Stealth
 + Level 9.5 Spellcasting
 + Level 11.1 Conjurations
 - Level 2.0 Hexes
 - Level 2.0 Translocations


You had 13 spell levels left.
You knew the following spells:

 Your Spells              Type           Power      Damage    Failure   Level
a - Magic Dart            Conj           100%       1d8       1%          1
b - Searing Ray           Conj           100%       2d8       1%          2
c - Fulminant Prism       Conj/Hex       17%        3d11      4%          4
d - Iskenderun's Mystic   Conj/Tloc      35%        2d8       4%          4

Your spell library contained the following spells:

 Spells                   Type           Power      Damage    Failure   Level
 Dazzling Flash           Conj/Hex       70%        N/A       1%          3


Dungeon Overview and Level Annotations

Branches:
Dungeon (1/1)

Altars:
Cheibriados
Dithmenos
Elyvilon
Fedhas
Gozag
Hepliaklqana
Kikubaaqudgha
Makhleb
Nemelex Xobeh
Okawaru
Qazlal
Ru
Sif Muna
Trog
Uskayaw
Vehumet
Wu Jian
Xom
Yredelemnul
Zin
The Shining One
Beogh
Jiyva
Lugonu


Innate Abilities, Weirdness & Mutations

Your plain brown scales are hard. (AC +6)
You cannot fit into any form of body armour.
You are cold-blooded and may be slowed by cold attacks.


Message History

The bolt of acid misses the skeletal warrior.
The bolt of acid misses the centaur warrior.
The bolt of acid hits the cyan ugly thing!
The cyan ugly thing seems to be corroded for longer.
The cyan ugly thing is heavily wounded.
The bolt of acid hits the eye of devastation!
The eye of devastation seems to be corroded for longer.
The eye of devastation is heavily wounded.
The skeletal warrior hits you from afar with a +0 glaive!
* * * LOW HITPOINT WARNING * * *
Unknown command.
Blink to where?
Press: ? - help, Dir - move target, p - skeletal warrior
As you read the scroll of blinking, it crumbles to dust.
Aiming: Corrosive Bolt
Press: ? - help, Shift-Dir - straight line, f - skeletal warrior
Aim: a skeletal warrior, wielding a +0 glaive (moderately damaged, 71% to hit)
The bolt of acid hits the skeletal warrior!!
The skeletal warrior is heavily damaged.
Unknown command.
Aiming: Corrosive Bolt
Press: ? - help, Shift-Dir - straight line, f/p - skeletal warrior
Aim: a skeletal warrior, wielding a +0 glaive (heavily damaged, 71% to hit)
The bolt of acid hits the skeletal warrior!!
The acid corrodes the skeletal warrior!
The skeletal warrior is severely damaged.
The centaur warrior is no longer covered in acid.
Aiming: Corrosive Bolt
Press: ? - help, Shift-Dir - straight line, f/p - skeletal warrior
Aim: a skeletal warrior, wielding a +0 glaive (severely damaged, covered in acid, 71% to hit)
The bolt of acid hits the skeletal warrior!!
The skeletal warrior seems to be corroded for longer.
You destroy the skeletal warrior!
The bolt of acid hits the centaur warrior!
The centaur warrior is heavily wounded.
The centaur warrior wields a +0 longbow.
The centaur warrior shoots an arrow.
The arrow hits you!!
Ouch! That really hurt!
You die...
Your body crumbles into a pile of gold.

▓.▓
$
▓.▓
$
▓)▓
$
▓.▓
$
▓.▓
▓[▓
$
▓[▓
▓.▓
$
▓@▓
▓)▓
$ $
▓.▓
$
▓$▓
$
▓.▓
$
▓c▓
$ $
▓.▓
$
▓u▓
$
▓'▓


You could see a cyan ugly thing (corroded) and a centaur warrior.

Vanquished Creatures
  A skeletal warrior (D)
  A vampire mosquito (D)
  A black bear (D)
  A kobold brigand (D)
  A scorpion (D)
  A killer bee (D)
  2 howler monkeys (D)
  An adder (D)
  A bat zombie (D)
  An endoplasm (D)
  A hobgoblin (D)
  A jackal (D)
  2 quokkas (D)
  A ball python skeleton (D)
  A ball python zombie (D)
17 creatures vanquished.

Notes
Turn   | Place    | Note
-------+----------+-------------------------------------------
     0 | D        | Zeld the Draconian Conjurer began the quest for the Orb.
     0 | D        | Reached XP level 1. HP: 14/14 MP: 3/3
     7 | D        | Reached skill level 1 in Hexes
     7 | D        | Reached skill level 1 in Translocations
   418 | D        | Noticed a black bear
   418 | D        | Noticed a howler monkey
   418 | D        | Noticed a scorpion
   432 | D        | Reached XP level 2. HP: 10/20 MP: 0/5
   802 | D        | Reached skill level 5 in Conjurations
   957 | D        | Learned a level 2 spell: Searing Ray
   963 | D        | Killed a scorpion
   964 | D        | Reached skill level 6 in Conjurations
   964 | D        | Reached XP level 3. HP: 19/26 MP: 0/9
   964 | D        | Reached XP level 4. HP: 24/33 MP: 0/10
   970 | D        | Reached skill level 5 in Spellcasting
   970 | D        | Reached skill level 7 in Conjurations
   972 | D        | Killed a black bear
   973 | D        | Reached skill level 8 in Conjurations
   973 | D        | Reached XP level 5. HP: 20/38 MP: 4/14
   978 | D        | Learned a level 4 spell: Fulminant Prism
   983 | D        | Learned a level 4 spell: Iskenderun's Mystic Blast
  1124 | D        | Found a snail-covered altar of Cheibriados.
  1124 | D        | Found a shadowy altar of Dithmenos.
  1124 | D        | Found a white marble altar of Elyvilon.
  1124 | D        | Found a blossoming altar of Fedhas.
  1124 | D        | Found an opulent altar of Gozag.
  1125 | D        | Found a hazy altar of Hepliaklqana.
  1126 | D        | Found a viscous altar of Jiyva.
  1127 | D        | Found an ancient bone altar of Kikubaaqudgha.
  1128 | D        | Found a corrupted altar of Lugonu.
  1129 | D        | Found a burning altar of Makhleb.
  1130 | D        | Found a sparkling altar of Nemelex Xobeh.
  1131 | D        | Found an iron altar of Okawaru.
  1132 | D        | Found a stormy altar of Qazlal.
  1134 | D        | Became a worshipper of Gozag Ym Sagoz the Greedy
  1136 | D        | Found a sacrificial altar of Ru.
  1137 | D        | Found a shimmering blue altar of Sif Muna.
  1138 | D        | Found a bloodstained altar of Trog.
  1139 | D        | Found a hide-covered altar of Uskayaw.
  1140 | D        | Found a radiant altar of Vehumet.
  1141 | D        | Found an ornate altar of the Wu Jian Council.
  1142 | D        | Found a shimmering altar of Xom.
  1143 | D        | Found a basalt altar of Yredelemnul.
  1144 | D        | Found a glowing silver altar of Zin.
  1145 | D        | Found a glowing golden altar of the Shining One.
  1175 | D        | Noticed a vampire mosquito
  1179 | D        | Killed a vampire mosquito
  1180 | D        | Reached skill level 10 in Conjurations
  1180 | D        | Reached XP level 6. HP: 38/45 MP: 9/17
  1183 | D        | Reached skill level 11 in Conjurations
  1405 | D        | Noticed a skeletal warrior
  1405 | D        | Noticed a centaur warrior
  1405 | D        | Noticed a cyan ugly thing
  1405 | D        | Noticed an eye of devastation
  1405 | D        | Noticed a troll
  1415 | D        | Killed a skeletal warrior
  1415 | D        | Shot with an arrow by a centaur warrior

Illustrated notes

Levels and vault maps discovered:
D:        linesprint [early_d, line_temple, items_1, d_10, items_2, lair_1,
          lair_end, items_3, orc_1, orc_end, items_4, d_15, swamp_1, shoals_1,
          snake_1, spider_1, d_20, vaults_1, items_5, swamp_end, shoals_end,
          snake_end, spider_end, vaults_end, d_27, items_6, zot_1, zot_end,
          crypt_end, forest_end, elf_end, slime_end, tomb_end, abyss_end,
          pan_hell_end]

Skill      XL: |  1  2  3  4  5  6 |
---------------+-------------------+-----
Hexes          | 2 |  2.0
Translocations | 2 |  2.0
Conjurations   | 6 8 10 11 | 11.1
Spellcasting   | 4 7 8 9 |  9.5
Dodging        | |  1.7
Stealth        | |  1.7

Action                   |  1- 3 |  4- 6 || total
-------------------------+-------+-------++-------
Melee: Unarmed           |     9 |       ||     9
       Tailslap          |     1 |       ||     1
 Cast: Magic Dart        |    15 |       ||    15
       Searing Ray       |     1 |     4 ||     5
Evoke: Wand              |       |     6 ||     6
  Use: Potion            |     3 |     1 ||     4
       Scroll            |     1 |     1 ||     2
Armor: Skin              |     7 |     1 ||     8
Dodge: Dodged            |    16 |     8 ||    24
